 Dungeon Crawl Stone Soup version 0.30-a0-377-g5cb311bc9f (webtiles) character file.

Game seed: 16806123308274114522

284 qeuew the Trooper (level 6, 0/48 HPs)
             Began as a Demonspawn Chaos Knight on Nov 28, 2022.
             Was a Plaything of Xom.
             Succumbed to a kobold's poison
             ... on level 3 of the Dungeon.
             The game lasted 00:03:30 (2550 turns).

qeuew the Trooper (Demonspawn Chaos Knight)         Turns: 2550, Time: 00:03:31

Health: 0/48       AC:  8    Str: 13    XL:     6   Next: 7%
Magic:  6/6        EV: 12    Int: 17    God:    Xom [..*...]
Gold:   228        SH:  0    Dex: 12    Spells: 5/5 levels left

rFire   . . .      SeeInvis .    a - +1 hand axe (vorpal)
rCold   . . .      Faith    .    (no shield)
rNeg    . . .      Spirit   .    b - +2 leather armour
rPois   .          Reflect  .    (no helmet)
rElec   .          Harm     .    (no cloak)
rCorr   .          Rampage  .    (no gloves)
Will    .....                    (no boots)
Stlth   +.........               (no amulet)
HPRegen 0.28/turn                (no ring)
MPRegen 0.20/turn                (no ring)

@: lethally poisoned (0 -> -17), on berserk cooldown, slowed, very slow
A: molten scales 2, magic regeneration, clever 1, sense surroundings 1
a: Renounce Religion


You were on level 3 of the Dungeon.
You worshipped Xom.
You were a toy of Xom.
You visited 1 branch of the dungeon, and saw 3 of its levels.

You collected 228 gold pieces.

Inventory:

Hand Weapons
 a - a +1 vorpal hand axe (weapon)
Missiles
 d - a throwing net
Armour
 b - a +2 leather armour (worn)
Wands
 n - a wand of iceblast (7)
Scrolls
 g - 3 scrolls of teleportation
 j - a scroll of identify
 m - a scroll of butterflies {unknown}
Potions
 e - a potion of brilliance {unknown}
 h - a potion of cancellation {unknown}
 i - a potion of berserk rage
 k - a potion of heal wounds {unknown}
 l - a potion of degeneration {unknown}
Miscellaneous
 c - a piece from Xom's chessboard (15/15) (quivered)


   Skills:
 + Level 4.0 Fighting
 + Level 3.6 Axes
 + Level 3.0 Armour
 + Level 2.4 Dodging
 + Level 2.4 Evocations


You had 5 spell levels left.
You didn't know any spells.
Your spell library was empty.

Dungeon Overview and Level Annotations

Branches:
Dungeon (3/15)

Altars:

Shops:
D:3 **=!


Innate Abilities, Weirdness & Mutations

You are mostly covered in molten scales. (AC +3)
You regenerate magic rapidly.
Your mind is acute. (Int +4, Str/Dex -1)
You passively map a small area around you.


Message History

You are more poisoned.
You closely miss something.
You feel very sick. Something hits you but does no damage.
You miss something.
You feel very sick. Something hits you but does no damage.
You miss something.
You feel sick. Something hits you.
You are more poisoned.
You barely miss something.
You feel very sick.
You barely miss something.
You feel very sick. Something hits you but does no damage.
You are more poisoned.
You barely miss something.
* * * LOW HITPOINT WARNING * * *
You feel very sick. Something hits you but does no damage.
You are lethally poisoned!
You miss something.
* * * LOW HITPOINT WARNING * * *
You feel very sick. Something hits you but does no damage.
You are more poisoned.
You slash something!
Reactivating autopickup.
You feel a bit more experienced.
* * * LOW HITPOINT WARNING * * *
You feel very sick.
* * * LOW HITPOINT WARNING * * *
You feel very sick.
Things that are here:
a +0 whip of venom; a potion of invisibility; a kobold corpse You feel a strong urge to attack something.
You are no longer berserk.
You are exhausted.
You feel yourself slow down.
You die...
Xom chortles!

## #.. * ,.. #.# #.##.#
#.#... #.#..# #########
#.#..# #.......# ########
#.....
#.......######......#####.##
#......)@...##.......#.##
#.##.#########.#.#...#...
...*#.# #.#.#.#.#### .....
..# * #####'### # #.#.####..
, # ##......## # # #., ,...
,#.#........# # * # #...
.#.#.#...##...### * #...
.....'..####..#..
,...#.#..####..'..


There were no monsters in sight!

Vanquished Creatures
  Grinder (D:3)
  3 adders
  A worm (D:3)
  2 dart slugs (D:2)
  9 ball pythons
  6 endoplasms
  3 giant cockroaches
  2 hobgoblins
  A jackal (D:2)
  5 quokkas
  5 bats
  5 frilled lizards
  9 goblins
  7 kobolds
  4 rats
63 creatures vanquished.

Vanquished Creatures (others)
  A plant (D:3)
1 creature vanquished.

Grand Total: 64 creatures vanquished

Notes
Turn   | Place    | Note
-------+----------+-------------------------------------------
     0 | D:1      | qeuew the Demonspawn Chaos Knight began the quest for the
                  | Orb.
     0 | D:1      | Reached XP level 1. HP: 18/18 MP: 1/1
    32 | D:1      | XOM: smoke on damage
    37 | D:1      | Reached skill level 1 in Dodging
   123 | D:1      | Gained mutation: You are partially covered in molten
                  | scales. (AC +2) [demonic ancestry]
   123 | D:1      | Reached XP level 2. HP: 15/24 MP: 2/2
   264 | D:1      | XOM: silly message
   661 | D:1      | XOM: noise
   698 | D:1      | Gained mutation: You passively map a small area around you.
                  | [potion of mutation]
   698 | D:1      | Gained mutation: Your mind is acute. (Int +4, Str/Dex -1)
                  | [potion of mutation]
   721 | D:1      | XOM: cloud trail
   767 | D:2      | Reached skill level 1 in Evocations
   809 | D:2      | Gained mutation: You are mostly covered in molten scales.
                  | (AC +3) [demonic ancestry]
   809 | D:2      | Reached XP level 3. HP: 29/29 MP: 3/3
  1424 | D:2      | Gained mutation: You regenerate magic rapidly. [demonic
                  | ancestry]
  1424 | D:2      | Reached XP level 4. HP: 35/35 MP: 4/4
  1433 | D:2      | XOM: silly message
  1526 | D:2      | XOM: silly message
  1631 | D:2      | XOM: silly message
  1977 | D:3      | Found Kigg's Assorted Antiques.
  2009 | D:3      | XOM: silly message
  2045 | D:3      | Found Finluorghua's Jewellery Shoppe.
  2071 | D:3      | Found Vumich's Distillery.
  2221 | D:3      | Found Jajoicep's Assorted Antiques.
  2261 | D:3      | Noticed Grinder
  2266 | D:3      | Paralysed by Grinder for 5 turns
  2291 | D:3      | HP: 1/35 [Grinder (1)]
  2299 | D:3      | Killed Grinder
  2300 | D:3      | Reached skill level 4 in Fighting
  2300 | D:3      | Reached XP level 5. HP: 4/42 MP: 5/5
  2300 | D:3      | Reached XP level 6. HP: 5/48 MP: 6/6
  2334 | D:3      | XOM: silly message
  2550 | D:3      | Succumbed to a kobold's poison

Illustrated notes

Levels and vault maps discovered:
D:1:      dpeg_arrival_renting, layout_basic, kennysheep_decorative_pillar
D:2:      layout_basic, dreamdust_princess_corridor, minmay_fractal_squares_5
D:3:      layout_loops_cross, serial_shops, shop, shop,
          nicolae_shop_overgrown_old_shop, shop, kennysheep_another_room,
          uniq_ijyb, uniq_grinder

Skill      XL: |  1  2  3  4 |
---------------+-------------+-----
Dodging        | 1 2 |  2.4
Armour         | 2 3 |  3.0
Evocations     | 1 2 |  2.4
Axes           | 3 |  3.6
Fighting       | 4 |  4.0

Action                   |  1- 3 |  4- 6 || total
-------------------------+-------+-------++-------
Melee: Hand axe          |   130 |    75 ||   205
       Punch             |     1 |       ||     1
Evoke: Piece from Xom's  |       |     7 ||     7
  Use: Scroll            |     4 |     3 ||     7
       Potion            |     2 |     3 ||     5
 Stab: Sleeping          |     1 |     1 ||     2
Armor: Leather armour    |    69 |    35 ||   104
Dodge: Dodged            |    85 |    31 ||   116

Table legend: (Time is in decaauts)
 A = Elapsed time spent in this place.
 B = Non-inter-level travel time spent in this place.
 C = Inter-level travel time spent in this place.
 D = Time resting spent in this place.
 E = Time spent auto-exploring this place.
 F = Levels seen in this place.
 G = Mean time per level.
                   A        B        C        D        E       F      G
               +--------+--------+--------+--------+--------+-----+--------+
         Total |   2576 |   2544 |     32 |     23 |   2073 |   3 |  858.7 |
       Dungeon |   2576 |   2544 |     32 |     23 |   2073 |   3 |  858.7 |
               +--------+--------+--------+--------+--------+-----+--------+

Top non-repeatable levels by time:
     D:2: 1057 daAuts
     D:3: 761 daAuts
     D:1: 757 daAuts
